 Dungeon Crawl Stone Soup version 0.23-a0-767-gdc19b93d68 (webtiles) character file.

692 LLavrengius the Skirmisher (level 7, -2/59 HPs)
             Began as a Formicid Abyssal Knight on Jan 21, 2019.
             Was a Priest of Lugonu.
             Slain by a steam dragon (5 damage)
             ... on level 5 of the Dungeon.
             The game lasted 00:23:56 (5551 turns).

LLavrengius the Skirmisher (FoAK)                   Turns: 5551, Time: 00:23:57

Health: -2/59      AC:  7    Str: 24    XL:     7   Next: 95%
Magic:  8/8        EV: 13    Int: 11    God:    Lugonu [***...]
Gold:   331        SH:  4    Dex: 10    Spells: 6/6 levels left

rFire    . . .     SeeInvis +   w - +1 great sword (slice)
rCold    . . .     Gourm    .   y - +0 buckler
rNeg     . . .     Faith    .   D - +0 scale mail
rPois    .         Spirit   .   (helmet unavailable)
rElec    .         Reflect  .   (no cloak)
rCorr    .         Harm     .   g - +0 pair of gloves
MR       .....                  (no boots)
Stlth    ..........             (no amulet)
HPRegen  0.19/turn              k - +3 ring of evasion
MPRegen  0.11/turn              (no ring)

@: mighty
A: permanent stasis, dig shafts and tunnels, four strong arms, antennae 3
a: Dig, Shaft Self, Depart the Abyss, Bend Space, Banish, Renounce Religion


You were on level 5 of the Dungeon.
You worshipped Lugonu.
Lugonu was most pleased with you.
You were very hungry.

You visited 1 branch of the dungeon, and saw 7 of its levels.
You visited the Abyss 1 time.
You also visited: Sewer.

You collected 511 gold pieces.
You spent 180 gold pieces at shops.

Inventory:

Hand Weapons
 p - a +0 hunting sling
 w - a +1 great sword of slicing (weapon)
 C - a cursed +0 halberd
Missiles
 q - 251 stones (quivered)
 r - 42 sling bullets
 s - 42 arrows
Armour
 b - a +0 leather armour
 g - a +0 pair of gloves (worn)
 y - a +0 buckler (worn)
 D - a +0 scale mail (worn)
Jewellery
 k - a +3 ring of evasion (left hand)
Scrolls
 f - a scroll of amnesia
 h - 3 scrolls of random uselessness {unknown}
 m - 3 scrolls of remove curse {unknown}
 u - a scroll of fear
 v - a scroll of fog {unknown}
 x - 4 scrolls of enchant weapon {unknown}
 z - 4 scrolls of identify
 A - a scroll of immolation {unknown}
 E - a scroll of blinking {unknown}
Potions
 d - 4 potions of might
 e - 3 potions of curing {unknown}
 i - 2 potions of resistance {unknown}
 j - a potion of degeneration {unknown}
 l - 6 potions of flight
 n - 4 potions of lignification {unknown}
 o - a potion of ambrosia {unknown}
 t - 2 potions of haste {unknown}
 B - a potion of heal wounds {unknown}
Comestibles
 c - 12 rations


   Skills:
 + Level 6.7 Fighting
 + Level 5.9 Long Blades
 - Level 2.1 Armour
 - Level 0.8 Dodging
 - Level 2.4 Shields
 - Level 2.1 Invocations


You had 6 spell levels left.
You didn't know any spells.
Your spell library contained the following spells:

 Spells                   Type           Power        Failure   Level  Hunger
 Corpse Rot               Necr           N/A          78%         2    ###....
 Sublimation of Blood     Necr           #.........   78%         2    ###....
 Agony                    Necr           #.......     100%        5    ######.
 Bolt of Draining         Conj/Necr      #.........   100%        5    ######.
 Dispel Undead            Necr           #.......     100%        5    ######.
 Excruciating Wounds      Chrm/Necr      #.........   100%        5    ######.


Dungeon Overview and Level Annotations

Branches:
Dungeon (7/15)
 Temple: D:4-7

Altars:
Xom

Shops:
D:4 (

Annotations:
D:4 Eustachio


Innate Abilities, Weirdness & Mutations

You cannot be hasted, slowed, berserked, paralysed or teleported.
You can dig through walls and to a lower floor.
Your four strong arms can wield two-handed weapons with a shield.
You have a pair of large antennae on your head. (SInv)


Message History

You hear an angry hiss.
You closely miss the steam dragon.
The steam dragon is severely wounded.
You are engulfed in a cloud of scalding steam.
The steam dragon bites you.
* * * LOW HITPOINT WARNING * * *
The steam dragon claws you but does no damage.
You slice the steam dragon!!
You kill the steam dragon!
Lugonu accepts your kill.
The steam dragon scales are intact enough to wear.
A steam dragon comes into view.
Are you sure you want to shaft yourself?
You feel quite a bit more hungry. The steam dragon bites you!
* * * LOW HITPOINT WARNING * * *
The steam dragon claws you.
* * * LOW HITPOINT WARNING * * *
You begin to dig a shaft.
You continue digging a shaft.
The steam dragon bites you.
You die...

#.≈.≈#
#.....#.
##^..#
#....>#?
#≈.≈#
#.....#.
#≈.P#
#.....#.
#≈..#
#....##.
#.≈##
#....##.
#.P#
#.......
#####..#
##......
#@#.P.P#
#...##.
##D#..≈#
#...##.
###≈..#
#...##.
#P.P#
#....'.
#≈.P#
#....#.
#)D.#
#....#.
^P..≈
#...##.
#PP.≈.^
######.
.≈.....≈
#..


You could see a steam dragon.

Vanquished Creatures
  A steam dragon (D:5)
  2 crimson imps (D:5)
  An orc priest (D:5)
  2 iguanas (D:4)
  5 worker ants
  A worker ant zombie (D:5)
  10 adders
  A river rat (D:3)
  2 shadow imps
  5 oozes (Sewer)
  7 worms
  3 dart slugs
  2 leopard geckos (D:2)
  7 orcs
  4 giant cockroaches
  4 goblins
  5 hobgoblins
  9 jackals
  2 quokkas
  2 ball pythons
  18 bats
  5 frilled lizards
  13 kobolds
  8 rats
119 creatures vanquished.

Notes
Turn   | Place    | Note
-------+----------+-------------------------------------------
     0 | Abyss:1  | LLavrengius the Formicid Abyssal Knight began the quest for
                  | the Orb.
     0 | Abyss:1  | Reached XP level 1. HP: 18/18 MP: 2/2
    33 | Abyss:1  | Found a corrupted altar of Lugonu.
    75 | Abyss:1  | Noticed a blizzard demon
    80 | Abyss:1  | Noticed a smoke demon
   100 | Abyss:1  | Noticed a large abomination
   168 | Abyss:1  | Noticed a neqoxec
   227 | Abyss:2  | Noticed a golden dragon skeleton
   228 | D:1      | Escaped the Abyss
   295 | D:1      | Reached * piety under Lugonu
   503 | D:1      | Reached XP level 2. HP: 24/24 MP: 3/3
   673 | D:1      | Reached XP level 3. HP: 27/30 MP: 4/4
  1230 | D:2      | Reached skill level 4 in Fighting
  1282 | D:2      | Reached XP level 4. HP: 30/37 MP: 5/5
  1373 | D:2      | Reached ** piety under Lugonu
  2082 | D:3      | Reached XP level 5. HP: 41/43 MP: 6/6
  2352 | D:3      | Found a glowing drain.
  2418 | Sewer    | Entered a sewer
  2825 | Sewer    | Reached *** piety under Lugonu
  3182 | Sewer    | Reached skill level 5 in Fighting
  3423 | D:3      | Reached XP level 6. HP: 40/51 MP: 7/7
  3728 | D:4      | Found Icsooloq's Antique Weapon Emporium.
  3744 | D:4      | Bought a runed great sword for 180 gold pieces
  3892 | D:4      | Reached skill level 1 in Shields
  4307 | D:4      | Found a shimmering altar of Xom.
  4422 | D:4      | Noticed Eustachio
  4438 | D:4      | You fall through a shaft for 3 floors!
  4781 | D:5      | Entered Level 5 of the Dungeon
  4785 | D:5      | Reached XP level 7. HP: 57/57 MP: 8/8
  4884 | D:5      | Reached skill level 5 in Long Blades
  5142 | D:5      | Reached skill level 6 in Fighting
  5533 | D:5      | Noticed a steam dragon
  5548 | D:5      | Killed a steam dragon
  5549 | D:5      | Noticed a steam dragon
  5551 | D:5      | Slain by a steam dragon

Vault maps used:
D:1:      sevenhm_arrival_forest_fort_large_4, minmay_misc_feat_four_crosses
D:2:      minmay_misc_feat_tiny, minmay_misc_feat_iff, minmay_tall_x
D:3:      portal_sewer_entry_b
D:4:      nicolae_overflow_crystal_walls, first_ration, serial_shops,
          shop_coins, minmay_goblin_kobold_house, uniq_eustachio
D:5:      kennysheep_steamy
D:6:      temple_doors_ab, minmay_ruined_shrine, uniq_sigmund
D:7:      gammafunk_temple_overflow_claw
Abyss:1:  hangedman_abyss_overflow_altar
Sewer:    sewer_fruit_machine

Skill      XL: |  1  2  3  4  5  6  7 |
---------------+----------------------+-----
Long Blades    | 3 4 5 |  5.9
Fighting       | 4 5 6 |  6.7
Shields        | 2 |  2.4
Armour         | |  2.1
Dodging        | |  0.8
Invocations    | |  2.1

Action                   |  1- 3 |  4- 6 |  7- 9 || total
-------------------------+-------+-------+-------++-------
Melee: Falchion          |    14 |       |       ||    14
       Short sword       |   106 |   214 |       ||   320
       Great sword       |       |    44 |    41 ||    85
Invok: Depart the Abyss  |     1 |       |       ||     1
       Bend Space        |       |     2 |       ||     2
 Abil: Dig               |     4 |    12 |     3 ||    19
       Shaft Self        |       |     1 |     1 ||     2
  Use: Scroll            |       |     4 |       ||     4
       Potion            |       |     1 |     1 ||     2
 Stab: Distracted        |       |       |     1 ||     1
  Eat: Ration            |     1 |     1 |       ||     2
       Chunk             |     3 |    14 |     2 ||    19
Armor: Leather armour    |    49 |    85 |     1 ||   135
       Scale mail        |       |       |    12 ||    12
Dodge: Dodged            |    89 |   208 |    20 ||   317
Block: Buckler           |       |     6 |     7 ||    13
       Rpst.: Falchion   |     4 |       |       ||     4
       Great sword       |       |     8 |     7 ||    15

Table legend:
 A = Non-vault XP
 B = Vault XP
 C = Vault XP percentage of total XP
 D = Non-vault monster count
 E = Vault monster count
 F = Vault count percentage of total count
                 A         B        C        D         E       F
            +---------+---------+-------+---------+---------+-------
      Total |     674 |     315 |  31.9 |      82 |      37 |  31.1
            +---------+---------+-------+---------+---------+-------
        D:1 |      35 |       0 |   0.0 |      22 |       0 |   0.0
        D:2 |      47 |       8 |  14.5 |      20 |       4 |  16.7
        D:3 |      84 |      20 |  19.2 |      14 |       4 |  22.2
        D:4 |     222 |       0 |   0.0 |      14 |       0 |   0.0
        D:5 |     275 |     199 |  42.0 |      11 |       1 |   8.3
        D:6 |      11 |       0 |   0.0 |       1 |       0 |   0.0
      Sewer |       0 |      88 | 100.0 |       0 |      28 | 100.0
            +---------+---------+-------+---------+---------+-------
